Map: Darkness Sanctuary LE

Players

mutagene

  • Race: Terran Terran
  • Spawn Location: 1:00

Test - Winner!

  • Race: Terran Terran
  • Spawn Location: 7:00

VOD

Have the link to the VOD?

Description

Time

  • Played on: May 15, 2018, 4:07 p.m.
  • Length: 16:45
Show
View Real Time Build Order
Export as new Build Order

mutagene Terran 

Build Orders: Mech 

Get SALT Encoding   

  12  0:03  SCV  
  13  0:19  Supply Depot  
  13  0:37  SCV  
  14  0:45  Barracks  
  14  0:49  SCV  
  15  0:59  Engineering Bay  
  15  1:01  SCV  
  16  1:09  Refinery  
  16  1:13  SCV  
  17  1:33  Orbital Command, Supply Depot  
  17  1:54  Refinery  
  17  1:57  Barracks Tech Lab, Supply Depot  
  17  2:19  Supply Depot  
  17  2:27  Marine  
  18  2:45  Marine, Sensor Tower  
  18  2:51  SCV  
  20  3:03  SCV, Marine  
  22  3:14  Command Center  
  22  3:15  SCV  
  23  3:21  Marine, Terran Infantry Weapons Level 1  
  24  3:27  SCV  
  25  3:39  SCV  
  26  3:51  SCV  
  27  3:57  Factory  
  27  4:03  SCV  
  28  4:15  SCV  
  29  4:27  SCV  
  30  4:48  Starport  
  30  4:57  Factory Tech Lab  
  30  4:59  Armory  
  30  5:00  Marine  
  31  5:09  Orbital Command  
  31  5:14  SCV  
  31  5:15  Terran Infantry Armor Level 1  
  31  5:18  Marine  
  33  5:22  Siege Tank  
  33  5:27  SCV  
  37  5:35  Starport Tech Lab  
  37  5:36  Marine  
  37  5:39  SCV  
  39  5:51  SCV  
  39  5:54  Marine  
  39  5:55  Siege Tank  
  44  6:03  SCV  
  45  6:11  Marine  
  46  6:22  Liberator  
  49  6:54  Refinery  
  49  7:00  Command Center  
  49  7:13  Factory  
  49  7:20  Refinery  
  49  7:22  Raven  
  51  7:34  Fusion Core  
  42  7:58  Factory  
  42  8:06  SCV  
  43  8:18  SCV  
  44  8:20  Orbital Command  
  44  8:30  SCV, Advanced Ballistics  
  45  8:36  Marine  
  46  8:41  Factory Tech Lab  
  46  8:42  SCV  
  47  8:49  Factory Tech Lab  
  47  8:53  Marine  
  47  8:55  SCV  
  49  9:11  Marine  
  47  9:29  Marine  
  48  9:33  Missile Turret  
  48  9:38  Liberator  
  48  9:47  Marine  
  49  9:53  Missile Turret  
  52  10:06  Siege Tank x2  
  58  10:12  Missile Turret  
  58  10:22  Barracks  
  58  10:31  Missile Turret  
  58  10:32  Marine  
  59  10:38  Raven  
  59  10:39  Terran Infantry Weapons Level 2  
  61  10:44  Orbital Command  
  61  10:50  Marine  
  61  10:52  Missile Turret  
  62  11:08  Marine  
  63  11:13  Missile Turret  
  63  11:15  Barracks  
  63  11:18  Barracks Reactor  
  63  11:26  Marine  
  64  11:33  Missile Turret  
  64  11:44  Marine  
  65  11:54  Missile Turret  
  65  12:03  Barracks  
  65  12:15  Missile Turret  
  61  12:47  Missile Turret  
  57  12:51  Barracks  
  56  13:06  Missile Turret  
  56  13:19  Orbital Command  
  51  13:26  Missile Turret  
  47  13:42  Barracks  
  47  13:46  Missile Turret  
  47  13:54  Barracks Reactor x2  
  47  14:06  Missile Turret  
  47  14:09  Barracks Tech Lab  
  47  14:26  Missile Turret  
  44  14:42  Sensor Tower  
  44  14:47  Missile Turret  
  44  14:55  SCV  
  45  15:07  SCV  
  46  15:19  SCV  
  47  15:24  Starport  
  47  15:31  SCV  
  47  15:33  Sensor Tower  
  48  15:43  SCV  
  49  15:52  Engineering Bay  
  49  16:01  Starport  
  49  16:15  SCV  
  50  16:24  Starport Tech Lab  
  50  16:27  SCV  
  50  16:29  Armory  
Show
View Real Time Build Order
Export as new Build Order

Test Terran - Winner!

Build Orders: Bio Tank 

Get SALT Encoding   

  12  0:00  SCV  
  13  0:12  SCV  
  14  0:22  Supply Depot  
  14  0:24  SCV  
  15  0:31  Refinery  
  15  0:44  SCV  
  15  0:48  Barracks  
  16  1:00  SCV  
  17  1:10  Barracks  
  17  1:12  SCV  
  18  1:27  SCV  
  19  1:35  Marine  
  20  1:42  SCV  
  21  1:53  Marine  
  22  1:55  Orbital Command  
  22  2:02  Barracks Reactor  
  22  2:10  Marine  
  23  2:17  Command Center  
  23  2:29  Barracks Tech Lab  
  23  2:45  Supply Depot  
  23  2:48  Marine x2  
  23  2:49  Marine, Supply Depot  
  26  3:06  Marine  
  26  3:07  Marine  
  26  3:09  Marine  
  29  3:16  Factory  
  29  3:21  Stimpack  
  29  3:23  SCV  
  29  3:24  Marine  
  31  3:30  Marine  
  31  3:31  Marine  
  33  3:40  SCV, Refinery  
  34  3:42  Marine  
  35  3:48  Orbital Command  
  35  4:03  Factory Tech Lab  
  35  4:09  Starport  
  35  4:11  SCV  
  36  4:18  SCV  
  36  4:22  Marine  
  36  4:23  Marine x2, SCV  
  41  4:31  SCV  
  42  4:35  SCV, Refinery  
  42  4:37  Refinery  
  42  4:38  Siege Tank  
  46  4:40  Marine  
  47  4:46  Engineering Bay  
  47  4:48  SCV  
  47  4:51  SCV  
  49  4:55  Medivac  
  49  4:59  Marine x2  
  53  5:01  SCV  
  53  5:06  Marine  
  55  5:17  Marine  
  55  5:19  Siege Tank  
  59  5:29  Combat Shields  
  59  5:36  SCV x2  
  61  5:48  SCV  
  62  5:53  Terran Infantry Weapons Level 1, Barracks  
  62  5:55  Supply Depot  
  62  6:07  Marine x3, SCV x2  
  67  6:19  SCV x2, Supply Depot  
  67  6:24  Marine  
  70  6:28  Marine x2  
  70  6:29  Siege Tank  
  70  6:31  SCV  
  76  6:33  Medivac  
  78  6:40  Missile Turret  
  78  6:42  Marine  
  78  6:43  Missile Turret  
  78  6:46  Marine  
  80  6:49  SCV x2  
  80  6:53  Barracks Reactor  
  82  6:57  Marine  
  82  7:00  Marine  
  85  7:01  SCV  
  85  7:02  SCV  
  86  7:42  Marine  
  84  7:46  Siege Tank  
  80  7:53  Marine x2  
  80  7:57  Medivac  
  84  8:00  Marine  
  85  8:11  Marine  
  86  8:16  Command Center, Supply Depot  
  86  8:17  Supply Depot  
  86  8:19  Marine, Siege Tank  
  90  8:21  Missile Turret  
  90  8:22  SCV  
  90  8:23  SCV  
  92  8:27  Medivac  
  94  8:38  SCV  
  95  8:44  Marine x3  
  98  8:48  Terran Infantry Armor Level 1  
  98  8:50  SCV  
  98  8:51  Siege Tank  
  98  8:53  Armory  
  102  8:57  Medivac  
  102  9:02  SCV, Marine x3  
  108  9:14  SCV  
  103  9:20  Marine x3  
  103  9:24  Siege Tank  
  109  9:26  SCV  
  109  9:28  Medivac  
  112  9:38  Marine x3  
  115  9:45  SCV  
  115  9:50  SCV, Refinery  
  115  9:51  Orbital Command, Refinery  
  117  9:56  Marine, Siege Tank  
  117  9:57  SCV  
  117  9:58  Medivac  
  124  10:08  Marine  
  124  10:13  Terran Vehicle Weapons Level 1  
  125  10:17  Armory  
  125  10:36  Starport Tech Lab  
  125  10:38  Supply Depot  
  125  10:40  Supply Depot  
  125  10:45  Supply Depot  
  125  10:46  Supply Depot  
  125  10:53  Marine x3, Siege Tank  
  124  11:11  Marine x3  
  124  11:18  SCV x3  
  130  11:25  Siege Tank  
  130  11:28  Viking  
  130  11:29  Marine x3  
  130  11:30  SCV  
  136  11:35  Command Center  
  136  11:46  Marine x3  
  139  11:57  Command Center  
  139  11:58  Siege Tank, Viking  
  144  12:13  Missile Turret  
  144  12:28  Viking  
  146  12:30  Siege Tank  
  146  12:32  Missile Turret  
  127  12:56  Orbital Command  
  125  12:58  Viking  
  125  13:02  Siege Tank  
  125  13:03  Marine x3  
  132  13:21  Marine x3  
  135  13:28  Medivac  
  139  13:34  Siege Tank  
  139  13:38  Marine  
  139  13:39  Marine x2  
  113  13:56  Marine x2, Orbital Command, Refinery  
  113  13:58  Medivac  
  113  14:00  Orbital Command  
  115  14:03  SCV x3  
  115  14:06  Siege Tank  
  121  14:10  Marine  
  121  14:14  Marine x2  
  121  14:15  SCV x3  
  127  14:21  SCV  
  127  14:23  Refinery  
  128  14:27  SCV, Refinery  
  128  14:28  Viking  
  128  14:29  Marauder  
  128  14:31  Refinery  
  133  14:32  Marine x2  
  133  14:33  SCV  
  133  14:36  SCV  
  133  14:37  SCV x2, Sensor Tower  
  133  14:38  Siege Tank  
  142  14:39  SCV  
  142  14:41  Terran Vehicle And Ship Armor Level 1  
  143  14:46  SCV  
  143  14:48  SCV  
  143  14:50  Marine x2, SCV x2, Marauder  
  150  14:58  SCV, Viking  
  153  15:00  SCV  
  153  15:02  SCV  
  155  15:07  Marine  
  155  15:08  Marine  
  155  15:10  SCV, Siege Tank  
  155  15:11  Marauder  
  155  15:12  SCV  
  164  15:14  SCV  
  165  15:22  SCV  
  165  15:24  SCV  
  165  15:26  SCV  
  165  15:27  Marine  
  165  15:28  Marine  
  170  15:32  Marine  
  170  15:34  SCV  
  174  15:36  SCV  
  174  15:39  SCV  
  174  15:40  Supply Depot  
  174  15:41  Supply Depot x2  
  176  15:43  Siege Tank, Supply Depot  
  176  15:45  Marine x2, Supply Depot  
  176  15:47  Raven  
  176  15:48  SCV  
  182  15:51  SCV, Marauder  
  182  15:56  Concussive Shells  
  185  15:59  SCV  
  185  16:02  SCV  
  185  16:03  SCV, Marine x2  
  190  16:11  SCV  
  190  16:12  Marauder  
  190  16:14  SCV  
  190  16:15  SCV  
  198  16:21  Marine x2  
Tags
 
Add a new tag
Caveats
  • Supply blocks, unpowered buildings, or Contaminate may cause inaccurate times.
  • Supply counts are checked every 10 seconds.